 Dungeon Crawl Stone Soup version 0.31-a0-1068-g5939ac1fb6 (webtiles) character file.

Game seed: 17385763754286633702

56558 lorenzova the Eclecticist (level 14, -3/68 HPs)
             Began as a Deep Elf Conjurer on Nov 23, 2023.
             Was an Elder of Vehumet.
             Shot with an arrow by a centaur (11 damage)
             ... led by a centaur warrior
             ... on level 13 of the Dungeon on Nov 24, 2023.
             The game lasted 01:31:43 (29961 turns).

lorenzova the Eclecticist (Deep Elf Conjurer)      Turns: 29961, Time: 01:31:44

Health: -3/68      AC:  6    Str:  7    XL:     14   Next: 42%
Magic:  18/38      EV: 12    Int: 29    God:    Vehumet [****..]
Gold:   1227       SH:  0    Dex: 13    Spells: 13/49 levels left

rFire   + . .        o - staff of conjuration
rCold   + . .        (no shield)
rNeg    . . .        J - +1 robe {rC+}
rPois   +            D - +1 helmet
rElec   .            j - scarf {repulsion}
rCorr   .            c - +0 pair of gloves of Hide-and-Seek {Str+3 Stlth+}
SInv    .            (no boots)
Will    +....        q - amulet of the acrobat
Stlth   +++          K - ring of protection from fire
HPRegen 0.31/turn    m - ring of poison resistance
MPRegen 0.26/turn

%: repel missiles, acrobat
@: no status effects
A: no striking features
a: Renounce Religion


You were on level 13 of the Dungeon.
You worshipped Vehumet.
Vehumet was greatly pleased with you.
You visited 3 branches of the dungeon, and saw 19 of its levels.
You also visited: Sewer and Volcano.

You collected 1227 gold pieces.

Inventory:

Hand Weapons
 n - a +2 dagger of protection
Armour
 a - a +0 robe
 c - the +0 pair of gloves of Hide-and-Seek (worn) {Str+3 Stlth+}
   (You acquired it on level 10 of the Dungeon)

   Str+3:     It affects your strength (+3).
   Stlth+:    It makes you more stealthy.
 j - a scarf of repulsion (worn)
 D - a +1 helmet (worn)
 J - a +1 robe of cold resistance (worn)
 L - +0 steam dragon scales
 O - +0 acid dragon scales
Magical Staves
 l - a staff of death
 o - a staff of conjuration (weapon)
 S - a staff of cold
Jewellery
 e - a ring of protection from cold
 g - a ring of resist corrosion
 m - a ring of poison resistance (right hand)
 q - an amulet of the acrobat (around neck)
 s - a ring of fire
 F - an amulet of guardian spirit
 H - a ring of ice
 K - a ring of protection from fire (left hand)
 U - a ring of fire
Wands
 B - a wand of acid (5)
Scrolls
 d - 3 scrolls of butterflies
 f - 5 scrolls of teleportation
 h - 2 scrolls of brand weapon
 v - 3 scrolls of fear
 w - a scroll of identify
 y - 2 scrolls of poison
 C - a scroll of revelation
 E - 2 scrolls of fog
 G - a scroll of torment {unknown}
 I - 2 scrolls of blinking {unknown}
 M - 5 scrolls of noise {unknown}
 N - 4 scrolls of amnesia {unknown}
 Q - 2 scrolls of enchant weapon {unknown}
 T - a scroll of acquirement
Potions
 b - a potion of magic
 i - 9 potions of mutation
 k - 6 potions of curing
 p - a potion of resistance
 r - 9 potions of ambrosia
 t - a potion of brilliance
 u - 3 potions of heal wounds
 x - a potion of invisibility
 z - a potion of haste {unknown}
 A - 3 potions of cancellation
 P - a potion of might {unknown}
 R - 2 potions of lignification {unknown}


   Skills:
 - Level 2.4 Dodging
 - Level 2.4 Stealth
 * Level 18.3 Spellcasting
 * Level 15.9 Conjurations
 - Level 6.0 Hexes
 - Level 6.0 Translocations
 + Level 9.7 Fire Magic
 + Level 6.0 Air Magic
 * Level 10.8 Earth Magic


You had 13 spell levels left.
You knew the following spells:

 Your Spells              Type           Power      Damage    Failure   Level
a - Magic Dart            Conj           100%       1d8       0%          1
b - Searing Ray           Conj           100%       2d8       0%          2
c - Iskenderun's Mystic   Conj/Tloc      94%        2d18      1%          4
d - Fulminant Prism       Conj/Hex       47%        3d21      1%          4
e - Scorch                Fire           100%       2d9       1%          2
f - Stone Arrow           Conj/Erth      100%       3d13      0%          3
g - Swiftness             Air            57%        N/A       1%          3
h - Starburst             Conj/Fire      50%        6d14      1%          6
l - Plasma Beam           Fire/Air       32%        2x1d45    2%          6
q - Iskenderun's Battles  Conj           100%       2d15      1%          5

Your spell library contained the following spells:

 Spells                   Type           Power      Damage    Failure   Level
 Shock                    Conj/Air       100%       1d9       0%          1
 Summon Small Mammal      Summ           100%       N/A       1%          1
 Lesser Beckoning         Tloc           100%       N/A       1%          2
 Static Discharge         Conj/Air       100%       3-8/arc   1%          2
 Dazzling Flash           Conj/Hex       100%       N/A       1%          3
 Gell's Gravitas          Tloc           57%        N/A       1%          3
 Mephitic Cloud           Conj/Pois/Air  80%        N/A       1%          3
 Summon Guardian Golem    Hex/Summ       43%        N/A       1%          3
 Teleport Other           Tloc           57%        N/A       1%          3
 Tukima's Dance           Hex            57%        N/A       1%          3
 Airstrike                Air            28%        2d(5-21)  1%          4
 Animate Armour           Summ/Erth      100%       N/A       1%          4
 Passage of Golubria      Tloc           57%        N/A       1%          4
 Call Imp                 Summ           52%        N/A       2%          2
 Sublimation of Blood     Necr           26%        N/A       2%          2
 Wereblood                Tmut           26%        N/A       2%          2
 Yara's Violent Unravell  Hex/Tmut       21%        3d10      3%          5
 Call Canine Familiar     Summ           26%        N/A       4%          3
 Summon Lightning Spire   Summ/Air       44%        N/A       4%          4
 Lehudib's Crystal Spear  Conj/Erth      51%        10d12     11%         8
 Summon Forest            Summ/Tloc      21%        N/A       13%         5
 Eringya's Noxious Bog    Tmut/Pois      13%        4d6       50%         6
 Summon Hydra             Summ           13%        N/A       100%        7


Dungeon Overview and Level Annotations

Branches:
Dungeon (13/15)            Temple (1/1) D:5            Lair (5/5) D:8
 Shoals (0/4) Lair:2       Spider (0/4) Lair:3        Slime (0/5) Lair:5
    Orc (0/2) D:12          Sewer (visited)         Volcano (visited)
 Vaults: D:13-14

Altars:
Ashenzari
Cheibriados
Dithmenos
Elyvilon
Fedhas
Gozag
Hepliaklqana
Kikubaaqudgha
Makhleb
Nemelex Xobeh
Okawaru
Qazlal
Ru
Sif Muna
Trog
Uskayaw
Vehumet
Wu Jian
Xom
Yredelemnul
Zin
The Shining One
Jiyva
Lugonu

Shops:
D:5 (   D:7 (

Portals:
Abyss: Lair:5

Annotations:
D:7 Joseph
Lair:2 exclusion: downstairs


Message History

The arrow barely misses your battlesphere.
The arrow completely misses you.
Casting: Fulminant Prism (safe; 1% risk of failure)
Confirm with . or Enter, or press ? or * to list all spells.
Casting: Plasma Beam (dangerous; 2% risk of failure)
Press: ? - help, Dir - look around, f - activate Look: a centaur warrior, wielding a +0 shortbow (2x74% to hit)
The bolt of lightning hits the centaur!!!
You kill the centaur!
Vehumet accepts your kill.
The centaur warrior shoots an arrow.
The arrow hits your battlesphere!!
The centaur wields a +0 shortbow.
The centaur shoots an arrow.
The arrow hits your battlesphere!
Your battlesphere is destroyed!
The centaur shoots an arrow.
The arrow closely misses you.
The centaur warrior shoots an arrow.
The arrow hits you!
Casting: Plasma Beam (dangerous; 2% risk of failure)
Confirm with . or Enter, or press ? or * to list all spells.
Casting: Plasma Beam (dangerous; 2% risk of failure)
Press: ? - help, Dir - look around, f - activate The bolt of lightning hits the centaur warrior.
The centaur warrior is lightly wounded.
The fiery plasma hits the centaur warrior!
The centaur warrior is moderately wounded.
You hear two shouts!
You hear a shout! x2
The centaur wields a +0 shortbow.
The centaur shoots an arrow.
The arrow is repelled.
The centaur shoots an arrow.
The arrow closely misses you.
The centaur shoots an arrow.
The arrow barely misses you.
The centaur warrior shoots an arrow.
The arrow misses you.
The centaur shoots an arrow.
The arrow hits you.
The centaur shoots an arrow.
The arrow hits you!
Unknown command.
The centaur warrior shoots an arrow.
The arrow hits you!
* * * LOW HITPOINT WARNING * * *
The centaur shoots an arrow.
The arrow hits you.
* * * LOW HITPOINT WARNING * * *
The centaur shoots an arrow.
The arrow hits you!
* * * LOW HITPOINT WARNING * * *
The centaur shoots an arrow.
The arrow hits you!
You die...

######..#####..
......)........
.....ccc......
#......c...#
#..........#
#.?........#
#....°.....#
#....@...$.#
#..........#
...............
...............
###############


You could see a centaur warrior and 3 centaurs.

Vanquished Creatures
  The ghost of MrCrawl the Scorcher, a journeyman DrFE of Vehumet (D:12)
  Azrael (D:12)
  Fannar (D:12)
  A hydra (Lair:4)
  2 boulder beetles
  3 two-headed ogres
  A hell hog (Volcano)
  4 death yaks (Lair:5)
  2 thrashing horrors (Lair:5)
  2 skysharks (Lair:2)
  A fire crab (Volcano)
  3 large abominations (Lair:5)
  A lindwurm (Lair:5)
  An oklob plant (Lair:5)
  4 ugly things
  A cyclops (shapeshifter) (Lair:5)
  2 cyclopes
  14 elephants
  4 black mambas
  A gargoyle (D:10)
  4 smoke demons (Lair:5)
  2 unseen horrors (D:11)
  9 cane toads
  Jeremiah (D:7)
  4 komodo dragons
  4 rime drakes
  A troll (D:9)
  2 polar bears
  A queen bee (Lair:3)
  34 blink frogs
  4 dream sheep (Lair:3)
  A raiju (Lair:5)
  3 jumping spiders (Lair:3)
  A spriggan (Lair:5)
  2 ynoxinuls (Lair:5)
  6 wyverns
  2 wraiths
  3 fire elementals (D:12)
  4 vampire mosquitoes (D:12)
  5 basilisks
  4 fire bats (Volcano)
  39 yaks
  A redback (Lair:3)
  2 chaos spawn (D:10)
  2 steam dragons
  13 small abominations (Lair:5)
  An acid dragon (D:10)
  7 hell hounds
  11 water moccasins
  6 orc warriors
  A sky beast (D:7)
  An ogre (D:6)
  2 black bears
  5 wolves (Lair:5)
  4 centaurs
  7 kobold brigands
  2 phantoms
  14 bullfrogs
  2 gnoll sergeants
  22 killer bees
  4 howler monkeys
  2 gnoll boudas
  3 hounds
  A jelly (D:6)
  9 orc priests
  2 sleepcaps (D:5)
  4 iguanas
  Natasha (thrice) (D:2)
  13 orc wizards
  4 hell rats (Lair:3)
  15 gnolls
  13 adders
  3 river rats
  4 white imps
  7 worms
  4 dart slugs
  38 orcs
  12 ball pythons
  6 bats
  11 endoplasms
  4 giant cockroaches
  9 goblins
  5 hobgoblins
  4 jackals (D:3)
  4 quokkas
  4 frilled lizards
  25 kobolds
  18 rats
520 creatures vanquished.

Vanquished Creatures (others)
  An angel (D:5)
  A human (D:9)
  77 fulminant prisms
79 creatures vanquished.

Grand Total: 599 creatures vanquished

Notes
Turn   | Place    | Note
-------+----------+-------------------------------------------
     0 | D:1      | lorenzova the Deep Elf Conjurer began the quest for the
                  | Orb.
     0 | D:1      | Reached XP level 1. HP: 10/10 MP: 6/6
   295 | D:1      | Reached XP level 2. HP: 15/15 MP: 5/8
   325 | D:1      | Learned a level 2 spell: Searing Ray
   892 | D:1      | Found a faded altar of an unknown god.
   939 | D:2      | Reached skill level 4 in Spellcasting
  1049 | D:2      | Reached skill level 5 in Conjurations
  1049 | D:2      | Reached XP level 3. HP: 19/19 MP: 8/10
  1840 | D:2      | Noticed Natasha
  1920 | D:2      | Killed Natasha
  1921 | D:2      | Reached XP level 4. HP: 15/24 MP: 5/12
  2719 | D:2      | Noticed Natasha
  2727 | D:2      | HP: 1/24 [Natasha/puff of flame (9)]
  2728 | D:2      | Killed Natasha
  2729 | D:2      | Reached skill level 5 in Spellcasting
  3046 | D:2      | Noticed Natasha
  3052 | D:2      | Killed Natasha
  3167 | D:3      | Reached XP level 5. HP: 28/28 MP: 11/14
  3882 | D:3      | You fall into a shaft and drop 1 floor!
  4476 | D:3      | Reached skill level 6 in Spellcasting
  5111 | D:5      | Entered Level 5 of the Dungeon
  5167 | D:5      | Found Kolavvunisch's Antique Weapon Boutique.
  5258 | D:5      | Found a staircase to the Ecumenical Temple.
  5258 | D:5      | Noticed a phantom
  5263 | D:5      | Killed a phantom
  5264 | D:5      | Reached XP level 6. HP: 32/32 MP: 9/17
  5269 | Temple   | Entered the Ecumenical Temple
  5282 | Temple   | Became a worshipper of Vehumet
  5410 | D:5      | Found a glowing drain.
  5503 | Sewer    | Entered a sewer
  6016 | Sewer    | Reached skill level 7 in Spellcasting
  6096 | Sewer    | Reached * piety under Vehumet
  6096 | Sewer    | Offered knowledge of Freeze by Vehumet.
  6403 | Sewer    | Reached XP level 7. HP: 36/36 MP: 12/20
  6826 | D:5      | Reached skill level 8 in Spellcasting
  7011 | D:5      | Found a glowing silver altar of Zin.
  7011 | D:5      | Found a shimmering altar of Xom.
  7011 | D:5      | Noticed an angel
  7180 | D:5      | Killed an angel
  7784 | D:6      | Reached skill level 9 in Spellcasting
  7983 | D:6      | Reached XP level 8. HP: 41/41 MP: 19/23
  8111 | D:6      | Learned a level 4 spell: Iskenderun's Mystic Blast
  8116 | D:6      | Learned a level 4 spell: Fulminant Prism
  8275 | D:6      | Reached skill level 1 in Hexes
  8275 | D:6      | Reached skill level 1 in Translocations
  8501 | D:6      | Found a sacrificial altar of Ru.
  8510 | D:6      | Learned a level 3 spell: Swiftness
  9196 | D:7      | Found Keucrow's Weapon Shop.
  9355 | D:7      | Reached skill level 10 in Spellcasting
  9508 | D:7      | Offered knowledge of Kiss of Death by Vehumet.
  9509 | D:7      | Reached skill level 1 in Air Magic
  9749 | D:7      | Found a bloodstained altar of Trog.
  9848 | D:7      | Noticed Joseph
  9890 | D:7      | Noticed Jeremiah
 10083 | D:7      | Reached ** piety under Vehumet
 10200 | D:7      | Killed Jeremiah
 10201 | D:7      | Reached XP level 9. HP: 45/45 MP: 16/25
 10662 | D:8      | Found a shimmering blue altar of Sif Muna.
 10685 | D:8      | Reached skill level 11 in Spellcasting
 10685 | D:8      | Reached skill level 10 in Conjurations
 10937 | D:8      | Reached skill level 5 in Hexes
 11323 | D:8      | Offered knowledge of Scorch by Vehumet.
 11381 | D:8      | Learned a level 2 spell: Scorch
 11412 | D:8      | Found a stormy altar of Qazlal.
 11547 | D:8      | Found a staircase to the Lair.
 11691 | D:8      | Reached XP level 10. HP: 50/50 MP: 18/27
 11795 | D:8      | Reached skill level 1 in Fire Magic
 11795 | D:8      | Reached *** piety under Vehumet
 11883 | D:7      | Reached skill level 12 in Spellcasting
 12664 | D:9      | Noticed a two-headed ogre
 12678 | D:9      | Killed a two-headed ogre
 12750 | D:9      | Found an iron altar of Okawaru.
 12900 | D:9      | Reached skill level 5 in Translocations
 13119 | D:9      | Found a burning altar of Makhleb.
 13163 | D:9      | Noticed a cyclops
 13185 | D:9      | Offered knowledge of Flame Wave by Vehumet.
 13212 | D:9      | Noticed a two-headed ogre
 13228 | D:9      | Killed a two-headed ogre
 13554 | D:9      | Found a broken altar of Ashenzari.
 13568 | D:9      | Found an ancient bone altar of Kikubaaqudgha.
 13622 | D:10     | Entered Level 10 of the Dungeon
 13967 | D:10     | Reached skill level 13 in Spellcasting
 14197 | D:10     | Found a snail-covered altar of Cheibriados.
 14265 | D:10     | Reached XP level 11. HP: 54/54 MP: 24/30
 14465 | D:10     | Found a sparkling altar of Nemelex Xobeh.
 14620 | D:10     | Reached **** piety under Vehumet
 14621 | D:10     | Reached skill level 5 in Fire Magic
 14943 | D:10     | Found an opulent altar of Gozag.
 14976 | D:10     | Found the +7 mace of Variability {chaos, chaos arc}
 14986 | D:10     | Found a shimmering altar of Xom.
 15025 | D:10     | Found a basalt altar of Yredelemnul.
 15039 | D:10     | Offered knowledge of Iskenderun's Battlesphere by Vehumet.
 15063 | D:10     | Learned a level 5 spell: Iskenderun's Battlesphere
 15100 | D:10     | Identified a scroll of acquirement
 15101 | D:10     | Acquired the +0 pair of gloves of Hide-and-Seek {Str+3
                  | Stlth+}
 15485 | D:11     | Noticed a boulder beetle
 15930 | D:11     | Learned a level 3 spell: Stone Arrow
 16058 | Lair:1   | Entered Level 1 of the Lair of Beasts
 16155 | Lair:1   | Reached skill level 1 in Earth Magic
 16286 | Lair:1   | Found a dark tunnel.
 16320 | Volcano  | Entered a volcano
 16371 | Volcano  | Noticed a fire crab
 16412 | Volcano  | Killed a fire crab
 16417 | Volcano  | Reached skill level 14 in Spellcasting
 16543 | Volcano  | Noticed a hell hog
 16549 | Volcano  | Killed a hell hog
 16792 | Lair:1   | You fall into a shaft and drop 1 floor!
 17493 | Lair:1   | Reached XP level 12. HP: 59/59 MP: 21/32
 18028 | Lair:2   | Found a staircase to the Shoals.
 18366 | Lair:2   | Reached skill level 5 in Earth Magic
 18614 | Lair:2   | Reached skill level 15 in Spellcasting
 19815 | Lair:2   | Noticed a boulder beetle
 19837 | Lair:2   | Killed a boulder beetle
 20531 | Lair:3   | Reached ***** piety under Vehumet
 20532 | Lair:3   | Reached skill level 16 in Spellcasting
 20630 | Lair:3   | Offered knowledge of Starburst by Vehumet.
 21075 | Lair:3   | Reached XP level 13. HP: 63/63 MP: 29/35
 21136 | Lair:3   | Learned a level 6 spell: Starburst
 21141 | Lair:3   | Found a hole to the Spider Nest.
 22841 | Lair:5   | Entered Level 5 of the Lair of Beasts
 23126 | Lair:5   | Reached skill level 17 in Spellcasting
 23326 | Lair:5   | Reached skill level 15 in Conjurations
 23763 | Lair:5   | Offered knowledge of Plasma Beam by Vehumet.
 23771 | Lair:5   | Learned a level 6 spell: Plasma Beam
 23792 | Lair:5   | Reached skill level 5 in Air Magic
 24640 | Lair:5   | Found a corrupted altar of Lugonu.
 24644 | Lair:5   | Found a one-way gate to the infinite horrors of the Abyss.
 25436 | Lair:5   | Reached skill level 10 in Earth Magic
 25440 | Lair:5   | Reached XP level 14. HP: 68/68 MP: 22/37
 25558 | Lair:5   | Found a viscous altar of Jiyva.
 25559 | Lair:5   | Found a staircase to the Slime Pits.
 26464 | Lair:5   | Reached skill level 18 in Spellcasting
 26511 | Lair:5   | Found a radiant altar of Vehumet.
 28505 | D:12     | Noticed Fannar
 28509 | D:12     | Killed Fannar
 28740 | D:12     | Found a broken altar of Ashenzari.
 28983 | D:12     | Found a runed translucent gate.
 28986 | D:12     | Found a runed translucent gate.
 29192 | D:12     | Found a runed translucent gate.
 29218 | D:12     | Found a staircase to the Orcish Mines.
 29255 | D:12     | Noticed Azrael
 29262 | D:12     | Killed Azrael
 29589 | D:12     | Noticed MrCrawl's ghost (journeyman DrFE)
 29600 | D:12     | Killed MrCrawl's ghost
 29961 | D:13     | Shot with an arrow by a centaur

Illustrated notes

Levels and vault maps discovered:
D:1:      onia_arrival_pyramid, layout_basic,
          dreamdust_ecumenical_altar_hidden_monk_grotto
D:2:      layout_basic, uniq_natasha
D:3:      layout_loops_cross
D:4:      layout_basic
D:5:      layout_loops_ring, grunt_temple_overflow_order_and_chaos_1,
          minmay_temple_entry_fiery, gup_sewer_entry_bubbles, serial_shops, shop
D:6:      layout_basic, mainiacjoe_overflow_concentric_impassable
D:7:      layout_rooms, lemuel_crystal_altar, serial_shops, shop, uniq_jeremiah,
          uniq_joseph
D:8:      minmay_bubble_buster, layout_basic, nicolae_overflow_crystal_walls,
          nicolae_sif_muna_condensation, lair_entry_dummy
D:9:      layout_roguey, mainiacjoe_overflow_six_doors_small, bloody_makhleb,
          kennysheep_okawaru_gauntlet, tgw_kikubaaqudgha,
          minmay_sticks_and_stones
D:10:     layout_rooms, grunt_gozag_statues, nemelex_diamond_rough_becter,
          kennysheep_slug_shrine, overflow_temple_1_default,
          minmay_guarded_unrand_variability
D:11:     layout_rooms, serial_library_regret_index_small_wings,
          palyth_stone_intersect
D:12:     layout_small_grid, hiddenorc1_lemuel, ebering_ghost_rock_garden,
          nicolae_ashenzari_panopticon, uniq_azrael, uniq_fannar
D:13:     layout_small_grid, lightli_vaults_fourway_checkpoint, serial_bayou,
          serial_bayou_ford_a, serial_bayou_crossing, serial_bayou_pond_a,
          serial_bayou_lagoon_b
Temple:   corrupted_temple
Lair:1:   layout_layer_cave, nicolae_volcano_entry_two_sided,
          infiniplex_staircase_pool_2
Lair:2:   layout_gridlike, elwin_shoals_entry_rocks, wad_woods_road_02,
          serial_bayou_shore_b, serial_bayou_shore_a
Lair:3:   layout_misc_corridors, spider_nest_entry_a, special_room
          [special_room_bee]
Lair:4:   layout_cave_pods
Lair:5:   hellmonk_lair_end_abyssal_woods, layout_cellular_growth,
          slime_entry_1, lemuel_oklob_altar

Skill      XL: |  1  2  3  4  5  6  7  8  9 10 11 12 13 14 |
---------------+-------------------------------------------+-----
Spellcasting   | 4 5 6 7 9 10 11 13 14 16 17 18 | 18.3
Conjurations   | 5 6 7 8 9 10 11 12 14 15 | 15.9
Hexes          | 3 5 6 |  6.0
Translocations | 2 4 5 6 |  6.0
Air Magic      | 1 3 4 5 6 |  6.0
Fire Magic     | 4 6 8 9 |  9.7
Earth Magic    | 4 7 10 | 10.8
Dodging        | |  2.4
Stealth        | |  2.4

Action                     |  1- 3 |  4- 6 |  7- 9 | 10-12 | 13-15 || total
---------------------------+-------+-------+-------+-------+-------++-------
  Melee: Dagger            |       |     6 |    14 |       |       ||    20
   Cast: Magic Dart        |    73 |   148 |   126 |   205 |   279 ||   831
         Searing Ray       |     1 |    13 |    22 |       |       ||    36
         Fulminant Prism   |       |       |    26 |    38 |    13 ||    77
         Iskenderun's Myst |       |       |    25 |   127 |    46 ||   198
         Iskenderun's Batt |       |       |       |    52 |    61 ||   113
         Swiftness         |       |       |       |     3 |       ||     3
         Starburst         |       |       |       |       |     8 ||     8
         Plasma Beam       |       |       |       |       |     9 ||     9
    Use: Scroll            |       |     8 |     5 |    13 |       ||    26
         Potion            |       |       |       |     1 |       ||     1
 Armour: Robe              |     5 |    13 |    25 |    36 |    35 ||   114
  Dodge: Dodged            |       |    28 |    53 |    51 |    19 ||   151
         Repelled          |       |       |       |       |     2 ||     2

Table legend: (Time is in decaauts)
 A = Elapsed time spent in this place.
 B = Non-inter-level travel time spent in this place.
 C = Inter-level travel time spent in this place.
 D = Time resting spent in this place.
 E = Time spent auto-exploring this place.
 F = Levels seen in this place.
 G = Mean time per level.
                   A        B        C        D        E       F      G
               +--------+--------+--------+--------+--------+-----+--------+
         Total |  30217 |  28967 |   1250 |  15043 |   8281 |  21 | 1438.9 |
       Dungeon |  16848 |  16034 |    814 |   7888 |   5216 |  13 | 1296.0 |
        Temple |     28 |     28 |      0 |      0 |      0 |   1 |   28.0 |
          Lair |  11523 |  11088 |    435 |   6371 |   2860 |   5 | 2304.6 |
         Sewer |   1357 |   1357 |      0 |    621 |    109 |   1 | 1357.0 |
       Volcano |    459 |    459 |      0 |    163 |     96 |   1 |  459.0 |
               +--------+--------+--------+--------+--------+-----+--------+

Top non-repeatable levels by time:
  Lair:5: 4915 daAuts
     D:2: 2196 daAuts
     D:8: 2143 daAuts
  Lair:2: 2086 daAuts
  Lair:1: 1820 daAuts
     D:6: 1792 daAuts
  Lair:4: 1582 daAuts
    D:10: 1511 daAuts
    D:12: 1397 daAuts
     D:5: 1374 daAuts
   Sewer: 1357 daAuts
     D:9: 1285 daAuts
     D:3: 1224 daAuts
     D:7: 1154 daAuts
  Lair:3: 1119 daAuts
